 Dungeon Crawl Stone Soup version 0.28-a0-657-g71136c5590 (webtiles) character file.

Game seed: 3418610218014687602

537 ytrimaz the Insei (level 7, -5/43 HPs)
             Began as an Octopode Transmuter on Oct 13, 2021.
             Was an Initiate of Ashenzari.
             Succumbed to a scorpion's poison
             ... on level 5 of the Dungeon.
             The game lasted 00:09:47 (6101 turns).

ytrimaz the Insei (Octopode Transmuter)             Turns: 6101, Time: 00:09:48

Health: -5/43      AC:  2    Str:  9    XL:     7   Next: 25%
Magic:  9/13       EV: 20    Int: 17    God:    Ashenzari [......]
Gold:   88         SH:  0    Dex: 18    Spells: 6/14 levels left

rFire   . . .      SeeInvis .     - Unarmed
rCold   . . .      Faith    .   (shield currently unavailable)
rNeg    . . .      Spirit   .   (helmet currently unavailable)
rPois   x          Reflect  .   (no amulet)
rElec   .          Harm     .   (no ring)
rCorr   .          Rampage  .   (no ring)
Will    .....                   (no ring)
Stlth   ++........              (no ring)
HPRegen 0.14/turn               (no ring)
MPRegen 0.13/turn               (no ring)
                                (no ring)
                                (no ring)

@: lethally poisoned (-5 -> -57), spider-form
A: venomous fangs, almost no armour, (amphibious), 8 rings, tiny, (camouflage
1), (gelatinous body 1), (nimble swimmer 1), (tentacles)
a: End Transformation, Renounce Religion, Curse Item


You were on level 5 of the Dungeon.
You worshipped Ashenzari.
Ashenzari was noncommittal.
You were a venomous arachnid creature.
You visited 2 branches of the dungeon, and saw 6 of its levels.

You collected 148 gold pieces.
You spent 60 gold pieces at shops.

Inventory:

Wands
 f - a wand of polymorph (11)
Scrolls
 c - 3 scrolls of noise
 g - a scroll of teleportation
Potions
 b - a potion of flight
 e - a potion of resistance


   Skills:
 - Level 1.0 Fighting
 + Level 3.1 Dodging
 + Level 5.6 Unarmed Combat
 * Level 4.0 Spellcasting
 * Level 3.7 Transmutations


You had 6 spell levels left.
You knew the following spells:

 Your Spells              Type           Power      Damage    Failure   Level
a - Beastly Appendage     Tmut           32%        N/A       11%         1
b - Spider Form           Tmut/Pois      4%         N/A       43%         3
c - Ice Form              Ice/Tmut       9%         N/A       78%         4

Your spell library contained the following spells:

 Spells                   Type           Power      Damage    Failure   Level
 Wereblood                Tmut           16%        N/A       14%         2
 Ozocubu's Armour         Ice            3%         N/A       65%         3
 Ozocubu's Refrigeration  Ice            1%         4d5       100%        7


Dungeon Overview and Level Annotations

Branches:
Dungeon (5/15)             Temple (1/1) D:4

Altars:
Ashenzari
Cheibriados
Dithmenos
Elyvilon
Fedhas
Gozag
Hepliaklqana
Kikubaaqudgha
Makhleb
Nemelex Xobeh
Okawaru
Ru
Sif Muna
Trog
Uskayaw
Vehumet
Wu Jian
Xom
Yredelemnul
Zin
The Shining One

Shops:
D:2 ?*


Innate Abilities, Weirdness & Mutations

You are a venomous arachnid creature.
You have poisonous fangs.
You are tiny and dextrous.
Your spellcasting is less reliable in this form.
Your armour is entirely melded.
You are incapable of wielding weapons or throwing items.
You cannot wear most types of armour.
((You are amphibious.))
You can wear up to eight rings at the same time.
((Your skin changes colour to match your surroundings (Stealth+).))
((Your rubbery body absorbs attacks. (AC +1, EV +1)))
((You are camouflaged near water. (Stealth+)))
((You have tentacles for arms and can constrict up to eight enemies at once.))


Message History

You start resting.
Magic restored.
Your magical contamination has completely faded away.
You start resting.
HP restored.
You climb upwards.
Welcome back to the Dungeon!
There is a staircase to the Ecumenical Temple here.
Unknown command.
There is a stone staircase leading down here.
You climb downwards.
There is a stone staircase leading up here.
You now have 88 gold pieces (gained 15).
A scorpion comes into view.
A scorpion is nearby!
Casting: Ice Form (extremely dangerous; 58% risk of failure)
Confirm with . or Enter, or press ? or * to list all spells.
The spell is quite dangerous to cast (22% risk of failure)!
Continue anyway?
You turn into a venomous arachnid creature.
The scorpion stings you.
You are poisoned.
The scorpion poisons you! The scorpion stings you.
You are lethally poisoned!
The scorpion poisons you!
You hit the scorpion but do no damage.
The scorpion is poisoned.
You feel extremely sick. The scorpion misses you.
You hit the scorpion.
The scorpion looks as sick as possible!
The scorpion is heavily wounded.
You feel extremely sick. The scorpion stings you.
You are more poisoned.
The scorpion poisons you!
You hit the scorpion.
The scorpion looks as sick as possible!
The scorpion is almost dead.
* * * LOW HITPOINT WARNING * * *
You feel extremely sick.
You kill the scorpion!
Your Spellcasting skill increases to level 4!
Unknown command.
You die...

####### ##...s.#
#######...##.#
..........##.†..#
#######...#####.#
#.......### #
#.......#
#.......#
#.......#
##.......##


There were no monsters in sight!

Vanquished Creatures
  An ogre (D:4)
  A scorpion (D:5)
  A howler monkey (D:4)
  5 hounds (D:4)
  A centaur skeleton (D:4)
  2 orc wizards (D:4)
  A gnoll (D:4)
  2 adders
  A worm (D:2)
  5 dart slugs
  3 orcs (D:4)
  7 endoplasms
  3 giant cockroaches
  5 goblins
  9 hobgoblins
  3 jackals (D:1)
  12 kobolds
  4 quokkas
  6 ball pythons
  4 bats (D:1)
  4 frilled lizards (D:1)
  21 rats
101 creatures vanquished.

Notes
Turn   | Place    | Note
-------+----------+-------------------------------------------
     0 | D:1      | ytrimaz the Octopode Transmuter began the quest for the
                  | Orb.
     0 | D:1      | Reached XP level 1. HP: 13/13 MP: 3/3
   289 | D:1      | Reached XP level 2. HP: 7/18 MP: 5/5
   878 | D:1      | Reached XP level 3. HP: 16/23 MP: 4/6
  1177 | D:1      | Found a faded altar of an unknown god.
  1227 | D:1      | HP: 1/23 [frozen (5)]
  1863 | D:2      | Reached skill level 4 in Unarmed Combat
  1873 | D:1      | Learned a level 3 spell: Spider Form
  2359 | D:2      | Reached XP level 4. HP: 28/28 MP: 7/7
  2540 | D:2      | Found a hazy altar of Hepliaklqana.
  2579 | D:2      | Found Buanuf's Magic Scroll Emporium.
  2588 | D:2      | Bought 2 scrolls of teleportation for 60 gold pieces
  2676 | D:2      | Found Gadymmou's General Store.
  3225 | D:3      | Learned a level 4 spell: Ice Form
  3555 | D:4      | Reached XP level 5. HP: 22/33 MP: 4/9
  4032 | D:4      | Found a staircase to the Ecumenical Temple.
  4053 | Temple   | Entered the Ecumenical Temple
  4242 | Temple   | Became a worshipper of Ashenzari the Shackled
  4283 | D:4      | Reached XP level 6. HP: 29/38 MP: 6/10
  4371 | D:4      | Reached skill level 5 in Unarmed Combat
  5381 | D:4      | Reached XP level 7. HP: 21/43 MP: 7/12
  5704 | D:5      | Entered Level 5 of the Dungeon
  5732 | D:4      | HP: 2/51 [phantom (8)]
  6101 | D:5      | Succumbed to a scorpion's poison

Illustrated notes

Levels and vault maps discovered:
D:1:      heliophobic_arrival_dark_side_of_the_moon, layout_basic,
          shapermc_ecumenical_altar_totnotflames, minmay_pentomino_p4
D:2:      layout_loops_ring, basic_altar, serial_shops, nicolae_lakefront_shop,
          shop, minmay_rat_hole
D:3:      minmay_roachtagon, layout_basic
D:4:      layout_loops_cross, minmay_temple_entry_stoned_glass, hex_medium,
          corexii_hall_statues_t, minivault_25, st_stairs_7,
          cheibrodos_gnoll_hut
D:5:      minmay_diamond_boxcup, layout_loops_cross
Temple:   minmay_crystal_snake_temple

Skill      XL: |  1  2  3  4  5  6  7 |
---------------+----------------------+-----
Unarmed Combat | 4 5 |  5.6
Spellcasting   | 3 4 |  4.0
Transmutations | 3 |  3.7
Dodging        | 3 |  3.1
Fighting       | |  1.0

Action                   |  1- 3 |  4- 6 |  7- 9 || total
-------------------------+-------+-------+-------++-------
Melee: Unarmed           |   118 |   129 |    15 ||   262
       Constrict         |    25 |     9 |       ||    34
       Kick              |     5 |     1 |       ||     6
       Tentacles         |    14 |     7 |       ||    21
       Punch             |     2 |     1 |       ||     3
 Cast: Beastly Appendage |     8 |     2 |       ||    10
       Spider Form       |     1 |    14 |     2 ||    17
       Ice Form          |       |       |     1 ||     1
  Use: Scroll            |     4 |     3 |     1 ||     8
       Potion            |     1 |       |     3 ||     4
 Stab: Sleeping          |     5 |     7 |       ||    12
       Distracted        |     1 |       |       ||     1
Armor: Skin              |     6 |     6 |       ||    12
Dodge: Dodged            |    73 |    97 |     9 ||   179

Table legend: (Time is in decaauts)
 A = Elapsed time spent in this place.
 B = Non-inter-level travel time spent in this place.
 C = Inter-level travel time spent in this place.
 D = Time resting spent in this place.
 E = Time spent auto-exploring this place.
 F = Levels seen in this place.
 G = Mean time per level.
                   A        B        C        D        E       F      G
               +--------+--------+--------+--------+--------+-----+--------+
         Total |   6083 |   5980 |    103 |   2228 |   2617 |   6 | 1013.8 |
       Dungeon |   5619 |   5540 |     79 |   1981 |   2467 |   5 | 1123.8 |
        Temple |    464 |    440 |     24 |    247 |    150 |   1 |  464.0 |
               +--------+--------+--------+--------+--------+-----+--------+

Top non-repeatable levels by time:
     D:4: 2044 daAuts
     D:1: 1911 daAuts
     D:2: 1299 daAuts
  Temple: 464 daAuts
     D:3: 321 daAuts
     D:5: 43 daAuts
